 Dungeon Crawl Stone Soup version 0.25-a0-1133-g93ebf739aa (webtiles) character file.

Game seed: 15718030973911940441, levelgen mode: deterministic

50 Holzbalken the Chopper (level 3, -1/31 HPs)
             Began as a Hill Orc Monk on May 22, 2020.
             Slain by an iguana (4 damage)
             ... on level 2 of the Dungeon.
             The game lasted 00:05:17 (1368 turns).

Holzbalken the Chopper (Hill Orc Monk)              Turns: 1368, Time: 00:05:17

Health: -1/31      AC:  8    Str: 14    XL:     3   Next: 79%
Magic:  3/3        EV: 11    Int: 10    God:
Gold:   51         SH:  0    Dex: 13    Spells: 2/2 levels left

rFire    . . .     SeeInvis .   a - +0 hand axe
rCold    . . .     Gourm    .   (no shield)
rNeg     . . .     Faith    .   o - +0 ring mail
rPois    .         Spirit   .   f - +2 hat
rElec    .         Reflect  .   (no cloak)
rCorr    .         Harm     .   c - +0 pair of gloves
MR       .....                  (no boots)
Stlth    +.........             (no amulet)
HPRegen  0.10/turn              (no ring)
MPRegen  0.08/turn              (no ring)

@: no status effects
A: no striking features
a: no special abilities


You were on level 2 of the Dungeon.
You were hungry.

You visited 1 branch of the dungeon, and saw 2 of its levels.

You collected 51 gold pieces.

Inventory:

Hand Weapons
 a - a +0 hand axe (weapon)
 m - a cursed -3 spear
   (You found it on level 1 of the Dungeon)
Missiles
 h - 121 stones (quivered)
 l - a throwing net {!f}
Armour
 b - a +0 robe
 c - a +0 pair of gloves (worn)
   (You found it on level 1 of the Dungeon)
 f - a +2 hat (worn)
   (You found it on level 1 of the Dungeon)
 o - a +0 ring mail (worn)
   (You found it on level 1 of the Dungeon)
Jewellery
 p - an uncursed ring of wizardry {unknown}
   (You found it on level 1 of the Dungeon)
Scrolls
 d - 2 scrolls of identify {unknown}
 g - a scroll of teleportation {unknown}
 n - a scroll of magic mapping {unknown}
 q - a scroll of immolation {unknown}
Potions
 i - a potion of curing {unknown}
 j - a potion of heal wounds {unknown}
Comestibles
 e - 4 rations {!d}
 k - 9 chunks of flesh


   Skills:
 - Level 3.6 Fighting
 + Level 6.1 Axes
 - Level 2.4 Dodging
 - Level 1.5 Stealth


You had 2 spell levels left.
You didn't know any spells.
Your spell library was empty.

Dungeon Overview and Level Annotations

Branches:
Dungeon (2/15)

Altars:
Cheibriados


Message History

Things that are here:
a +0 dagger; a goblin skeleton
Found 5 gold pieces.
You now have 51 gold pieces (gained 5).
An iguana comes into view.
A bat comes into view.
Found a snail-covered altar of Cheibriados.
The bat hits you but does no damage. The bat barely misses you.
The bat closely misses you. The bat hits you.
You completely miss the bat. The bat barely misses you.
The bat closely misses you. The bat misses you.
You closely miss the bat. The bat hits you but does no damage. x2
You slash the bat!
You kill the bat!
You see here a bat corpse.
You butcher the bat corpse.
k - 9 chunks of flesh (gained 1)
You see here a bat skeleton.
You see here a bat skeleton.
The iguana hisses angrily.
The iguana is too close now for your liking.
Found a ration.
The iguana bites you!
You hit the iguana but do no damage. The iguana bites you!
* * * LOW HITPOINT WARNING * * *
You closely miss the iguana. The iguana barely misses you.
You closely miss the iguana. The iguana barely misses you.
You hit the iguana but do no damage. The iguana bites you.
* * * LOW HITPOINT WARNING * * *
You see here a bat skeleton.
You see here a club.
Things that are here:
a +0 club; a quokka skeleton; a hobgoblin skeleton You see here a robe.
You are feeling hungry.
There is a stone staircase leading up here.
There is a stone staircase leading up here.
You hit the iguana. The iguana bites you.
* * * LOW HITPOINT WARNING * * *
You barely miss the iguana. The iguana bites you.
* * * LOW HITPOINT WARNING * * *
You hit the iguana. The iguana bites you.
* * * LOW HITPOINT WARNING * * *
You hit the iguana. The iguana bites you.
* * * LOW HITPOINT WARNING * * *
You hit the iguana but do no damage. The iguana misses you.
You hit the iguana. The iguana barely misses you.
You hit the iguana. The iguana bites you.
You die...

#. .. .# .# .# .# .# .#
########## .#
#......@.###### .#
########l.....# .#
######......#
.###########...........#
..[........<.###########
...########### ...# ...#
.>.#


You could see an iguana.

Vanquished Creatures
  An adder (D:2)
  A worm (D:2)
  A dart slug (D:1)
  A leopard gecko (D:1)
  6 giant cockroaches
  4 hobgoblins
  2 jackals (D:1)
  A quokka (D:2)
  A ball python (D:1)
  2 bats (D:2)
  4 frilled lizards (D:2)
  4 goblins
  4 kobolds
  2 rats
34 creatures vanquished.

Notes
Turn   | Place    | Note
-------+----------+-------------------------------------------
     0 | D:1      | Holzbalken the Hill Orc Monk began the quest for the Orb.
     0 | D:1      | Reached XP level 1. HP: 19/19 MP: 1/1
   277 | D:1      | Reached XP level 2. HP: 26/26 MP: 2/2
   340 | D:1      | Reached skill level 5 in Axes
   812 | D:2      | Reached XP level 3. HP: 28/31 MP: 3/3
  1161 | D:2      | Reached skill level 6 in Axes
  1282 | D:2      | Found a snail-covered altar of Cheibriados.
  1368 | D:2      | Slain by an iguana

Illustrated notes

Levels and vault maps discovered:
D:1:      dpeg_arrival_stonehenge_8_columns, layout_basic, minmay_unequal
D:2:      layout_rooms, overflow_temple_1_default, first_ration, uniq_robin

Skill      XL: |  1  2  3 |
---------------+----------+-----
Axes           | 5 6 |  6.1
Fighting       | |  3.6
Dodging        | |  2.4
Stealth        | |  1.5

Action                   || total
-------------------------++-------
Melee: Hand axe          ||   116
Throw: Stone             ||     8
 Stab: Distracted        ||     1
  Eat: Chunk             ||     1
Armor: Robe              ||    10
       Ring mail         ||    34
Dodge: Dodged            ||    95

Table legend:
 A = Non-vault XP
 B = Vault XP
 C = Vault XP percentage of total XP
 D = Non-vault monster count
 E = Vault monster count
 F = Vault count percentage of total count
                 A         B        C        D         E       F
            +---------+---------+-------+---------+---------+-------
      Total |      52 |      20 |  27.8 |      24 |      10 |  29.4
            +---------+---------+-------+---------+---------+-------
        D:1 |      17 |      10 |  37.0 |      10 |       5 |  33.3
        D:2 |      35 |      10 |  22.2 |      14 |       5 |  26.3
            +---------+---------+-------+---------+---------+-------
